TOP OF THE 1ST |
Casper Ghosts batting - Pitching for Yakima Hops : RHP Oriol Razo
|
Pitching: RHP Oriol Razo
|
|
Batting: RHB José Córdova
|
0-0: Ball 1-0: Called Strike 1-1: Ball 2-1: Ball 3-1: Foul Ball, location: 2F 3-2: Base on Balls
|
Batting: RHB Steve Weber
|
0-0: Ball 1-0: SINGLE (Line Drive, 7LM) José Córdova to second
|
Batting: RHB Bob Phillips
|
0-0: Swinging Strike 0-1: Ball 1-1: Fly out, F8 (Flyball, 78D)
|
Batting: SHB Paco Ríos
|
0-0: Ball 1-0: Called Strike 1-1: Ground out 4-3 (Groundball, 4MD) José Córdova to third Steve Weber to second
|
Batting: LHB Yu-zeng Si
|
0-0: Ball 1-0: Foul Ball, location: 2F 1-1: Foul Ball, location: 2F 1-2: Ball 2-2: Foul Ball, location: 2F 2-2: Ball 3-2: Strikes out looking
|
Top of the 1st over - 0 runs, 1 hit, 0 errors, 2 left on base; Casper 0 - Yakima 0 |
BOTTOM OF THE 1ST |
Yakima Hops batting - Pitching for Casper Ghosts : LHP Ray Neely
|
Pitching: LHP Ray Neely
|
|
Batting: RHB Carl Herbert
|
0-0: DOUBLE (Groundball, 5L)
|
Batting: RHB Xavier Gama
|
0-0: Ball 1-0: Ball 2-0: Called Strike 2-1: Ball 3-1: Fly out, F9 (Flyball, 9LS)
|
Batting: SHB José Rico
|
0-0: Ball 1-0: Ball 2-0: Ball 3-0: Base on Balls
|
Batting: RHB Jud Regan
|
0-0: Ball 1-0: Swinging Strike 1-1: Ball 2-1: Foul Ball, location: 2F 2-2: Foul Ball, location: 2F 2-2: Ball 3-2: Foul Ball, location: 2F 3-2: Foul Ball, location: 2F 3-2: Base on Balls Carl Herbert to third José Rico to second
|
Batting: LHB Ieyoshi Samurakami
|
0-0: Fly out, F9 (Flyball, 89XD) Runner from 3rd tags up, SCORES, no throw José Rico to third
|
Batting: RHB Mark Finney
|
0-0: Ball 1-0: Ball 2-0: Ball 3-0: Called Strike 3-1: Called Strike 3-2: Fly out, F8 (Flyball, 8LD)
|
Bottom of the 1st over - 1 run, 1 hit, 0 errors, 2 left on base; Casper 0 - Yakima 1 |
TOP OF THE 2ND |
Casper Ghosts batting - Pitching for Yakima Hops : RHP Oriol Razo
|
Batting: RHB Kevin Baxter
|
0-0: Ball 1-0: SINGLE (Line Drive, 56D)
|
Batting: RHB Armando Pacheco
|
0-0: Ball 1-0: Called Strike 1-1: Foul Ball, location: 2F 1-2: Fielders Choice at 2nd, 6-4 (Groundball, 6)
|
Batting: RHB Roberto De La Cruz
|
0-0: Grounds into double play, 6-4-3 (Groundball, 6)
|
Top of the 2nd over - 0 runs, 1 hit, 0 errors, 0 left on base; Casper 0 - Yakima 1 |
BOTTOM OF THE 2ND |
Yakima Hops batting - Pitching for Casper Ghosts : LHP Ray Neely
|
Batting: RHB Javier Carretero
|
0-0: Swinging Strike 0-1: Ball 1-1: Ball 2-1: Ground out 6-3 (Groundball, 6)
|
Batting: RHB Luis Rodríguez
|
0-0: Ball 1-0: DOUBLE (Line Drive, 7LM)
|
Batting: RHB Giuseppe Provolone
|
0-0: Ball 1-0: Foul Ball, location: 2F 1-1: Ball 2-1: Ball 3-1: Swinging Strike 3-2: Strikes out swinging
|
Batting: RHB Carl Herbert
|
0-0: Ball 1-0: Ball 2-0: Fly out, F8 (Flyball, 8LM)
|
Bottom of the 2nd over - 0 runs, 1 hit, 0 errors, 1 left on base; Casper 0 - Yakima 1 |
TOP OF THE 3RD |
Casper Ghosts batting - Pitching for Yakima Hops : RHP Oriol Razo
|
Batting: RHB Henry Appleby
|
0-0: Swinging Strike 0-1: Foul Ball, location: 2F 0-2: Foul Ball, location: 2F 0-2: Foul Ball, location: 2F 0-2: SINGLE (Flyball, 78M)
|
Batting: RHB José Córdova
|
0-0: Called Strike 0-1: Foul Ball, location: 2F 0-2: Ball 1-2: Ball Error on foul ball, E5 2-2: SINGLE (Line Drive, 89S) Henry Appleby to second
|
Batting: RHB Steve Weber
|
0-0: Swinging Strike 0-1: Called Strike 0-2: Hit by Pitch Henry Appleby to third José Córdova to second
|
Batting: RHB Bob Phillips
|
0-0: Ball 1-0: SINGLE (Line Drive, 8LS) Henry Appleby scores José Córdova to third Steve Weber to second Runner from 3rd tries for Home, SAFE, no throw
|
Batting: SHB Paco Ríos
|
0-0: Called Strike 0-1: Foul Ball, location: 2F 0-2: Strikes out looking
|
Batting: LHB Yu-zeng Si
|
0-0: Fly out, F9 (Flyball, 9LSF)
|
Batting: RHB Kevin Baxter
|
0-0: Ball 1-0: Ball 2-0: Ball 3-0: Called Strike 3-1: Base on Balls Steve Weber to third Bob Phillips to second
|
Batting: RHB Armando Pacheco
|
0-0: Ball 1-0: Swinging Strike 1-1: Ball 2-1: Ball 3-1: Base on Balls Steve Weber scores Bob Phillips to third Kevin Baxter to second
|
Batting: RHB Roberto De La Cruz
|
0-0: Ball 1-0: Ground out 4-3 (Groundball, 4)
|
Top of the 3rd over - 3 runs, 3 hits, 1 error, 3 left on base; Casper 3 - Yakima 1 |
BOTTOM OF THE 3RD |
Yakima Hops batting - Pitching for Casper Ghosts : LHP Ray Neely
|
Batting: RHB Xavier Gama
|
0-0: Called Strike 0-1: Ball 1-1: Swinging Strike 1-2: SINGLE (Flyball, 78S)
|
Batting: SHB José Rico
|
0-0: Ball 1-0: Ball 2-0: Grounds into double play, 6-4-3 (Groundball, 6)
|
Batting: RHB Jud Regan
|
0-0: Ball 1-0: DOUBLE (Line Drive, 7LS)
|
Batting: LHB Ieyoshi Samurakami
|
0-0: Fly out, F5 (Popup, 5S)
|
Bottom of the 3rd over - 0 runs, 2 hits, 0 errors, 1 left on base; Casper 3 - Yakima 1 |
TOP OF THE 4TH |
Casper Ghosts batting - Pitching for Yakima Hops : RHP Oriol Razo
|
Batting: RHB Henry Appleby
|
0-0: Called Strike 0-1: SINGLE (Line Drive, 6MD)
|
Batting: RHB José Córdova
|
0-0: Ball 1-0: Ground out 3-1 (Groundball, 34S) Henry Appleby to second
|
Batting: RHB Steve Weber
|
0-0: Called Strike 0-1: Ball 1-1: Swinging Strike 1-2: Strikes out looking
|
Batting: RHB Bob Phillips
|
0-0: Ball 1-0: Ball 2-0: Called Strike 2-1: Ball 3-1: Swinging Strike 3-2: Strikes out swinging
|
Top of the 4th over - 0 runs, 1 hit, 0 errors, 1 left on base; Casper 3 - Yakima 1 |
BOTTOM OF THE 4TH |
Yakima Hops batting - Pitching for Casper Ghosts : LHP Ray Neely
|
Batting: RHB Mark Finney
|
0-0: Ball 1-0: Called Strike 1-1: SINGLE (Groundball, 6MD)
|
Batting: RHB Javier Carretero
|
0-0: Ball 1-0: SINGLE (Line Drive, 56D) Mark Finney to second
|
Batting: RHB Luis Rodríguez
|
0-0: Ball 1-0: Called Strike 1-1: Ball 2-1: Grounds into double play, 6-4-3 (Groundball, 6) Mark Finney to third
|
Pitching: RHP Ángelo Román
|
|
Batting: RHB Giuseppe Provolone
|
0-0: Called Strike 0-1: Ball 1-1: Foul Ball, location: 2F 1-2: DOUBLE (Line Drive, 9D) Mark Finney scores
|
Batting: RHB Carl Herbert
|
0-0: Called Strike 0-1: Ball 1-1: Ball 2-1: Ground out 4-3 (Groundball, 4)
|
Bottom of the 4th over - 1 run, 3 hits, 0 errors, 1 left on base; Casper 3 - Yakima 2 |
TOP OF THE 5TH |
Casper Ghosts batting - Pitching for Yakima Hops : RHP Oriol Razo
|
Batting: SHB Paco Ríos
|
0-0: Foul Ball, location: 2F 0-1: Ball 1-1: Foul Ball, location: 2F 1-2: Fly out, F4 (Popup, 34D)
|
Batting: LHB Yu-zeng Si
|
0-0: Swinging Strike 0-1: Foul Ball, location: 2F 0-2: Ball 1-2: Ball 2-2: Strikes out swinging
|
Batting: RHB Kevin Baxter
|
0-0: Called Strike 0-1: Fly out, F4 (Popup, 4)
|
Top of the 5th over - 0 runs, 0 hits, 0 errors, 0 left on base; Casper 3 - Yakima 2 |
BOTTOM OF THE 5TH |
Yakima Hops batting - Pitching for Casper Ghosts : RHP Ángelo Román
|
Batting: RHB Xavier Gama
|
0-0: Fly out, F8 (Flyball, 89D)
|
Batting: SHB José Rico
|
0-0: Called Strike 0-1: Ball 1-1: Swinging Strike 1-2: Fly out, F9 (Flyball, 89M)
|
Batting: RHB Jud Regan
|
0-0: Called Strike 0-1: Foul Ball, location: 2F 0-2: Ball 1-2: Foul Ball, location: 2F 1-2: Foul Ball, location: 2F 1-2: Ball 2-2: Foul Ball, location: 2F 2-2: Ball 3-2: Foul Ball, location: 2F 3-2: TRIPLE (Flyball, 8LXD)
|
Batting: LHB Ieyoshi Samurakami
|
0-0: Ball 1-0: Foul Ball, location: 2F 1-1: SINGLE (Line Drive, 3) Jud Regan scores
|
Batting: RHB Mark Finney
|
0-0: Ball 1-0: Ball 2-0: Called Strike 2-1: Foul Ball, location: 2F 2-2: Ball 3-2: SINGLE (Groundball, 6MD) Ieyoshi Samurakami to second Ieyoshi Samurakami to third
|
Batting: RHB Javier Carretero
|
0-0: Ball 1-0: Ball 2-0: Swinging Strike 2-1: Fly out, F2 (Popup, 23F)
|
Bottom of the 5th over - 1 run, 3 hits, 0 errors, 2 left on base; Casper 3 - Yakima 3 |
TOP OF THE 6TH |
Casper Ghosts batting - Pitching for Yakima Hops : RHP Oriol Razo
|
Batting: RHB Armando Pacheco
|
0-0: Foul Ball, location: 2F 0-1: SINGLE (Flyball, 8RS)
|
Batting: RHB Roberto De La Cruz
|
0-0: Called Strike 0-1: Bunted foul 0-2: Grounds into double play, 1-6-3 (Groundball, 13S)
|
Batting: RHB Henry Appleby
|
0-0: Fly out, F9 (Line Drive, 9D)
|
Top of the 6th over - 0 runs, 1 hit, 0 errors, 0 left on base; Casper 3 - Yakima 3 |
BOTTOM OF THE 6TH |
Yakima Hops batting - Pitching for Casper Ghosts : RHP Ángelo Román
|
Batting: RHB Luis Rodríguez
|
0-0: Ball 1-0: Foul Ball, location: 2F 1-1: Fly out, F8 (Flyball, 8RD)
|
Batting: RHB Giuseppe Provolone
|
0-0: Ball 1-0: Ball 2-0: Called Strike 2-1: Ball 3-1: Called Strike 3-2: Base on Balls
|
Batting: RHB Carl Herbert
|
0-0: Fly out, F6 (Line Drive, 6MD)
|
Batting: RHB Xavier Gama
|
0-0: Ball 1-0: Ball 2-0: Foul Ball, location: 2F 2-1: Foul Ball, location: 2F 2-2: Foul Ball, location: 2F 2-2: Strikes out swinging
|
Bottom of the 6th over - 0 runs, 0 hits, 0 errors, 1 left on base; Casper 3 - Yakima 3 |
TOP OF THE 7TH |
Casper Ghosts batting - Pitching for Yakima Hops : RHP Oriol Razo
|
Pitching: LHP Daniel Gill
|
|
Batting: RHB José Córdova
|
0-0: Ball 1-0: Called Strike 1-1: Ball 2-1: Foul Ball, location: 2F 2-2: Ball 3-2: Foul Ball, location: 2F 3-2: Base on Balls
|
Batting: RHB Steve Weber
|
0-0: Sac Bunt - play at first, batter OUT! 1-4 José Córdova to second
|
Batting: RHB Bob Phillips
|
0-0: Fly out, F7 (Flyball, 78S)
|
Pinch Hitting: RHB Adrijan Markovski
|
0-0: Swinging Strike 0-1: Ball 1-1: Ball 2-1: SINGLE (Groundball, 5D) José Córdova to third Runner from 3rd tries for Home, SAFE, no throw
|
Batting: LHB Yu-zeng Si
|
0-0: Foul Ball, location: 2F 0-1: Ball 1-1: Ball 2-1: Ball 3-1: Base on Balls Adrijan Markovski to second
|
Batting: RHB Kevin Baxter
|
0-0: Ball 1-0: Called Strike 1-1: Swinging Strike 1-2: Strikes out swinging
|
Top of the 7th over - 1 run, 1 hit, 0 errors, 2 left on base; Casper 4 - Yakima 3 |
BOTTOM OF THE 7TH |
Yakima Hops batting - Pitching for Casper Ghosts : RHP Ángelo Román
|
Now in LF: Adrijan Markovski
|
|
Batting: SHB José Rico
|
0-0: SINGLE (Flyball, 7LS)
|
Pinch Hitting: LHB Bob Maher
|
0-0: Ball 1-0: Ball 2-0: Ball 3-0: Called Strike 3-1: Foul Ball, location: 2F 3-2: SINGLE (Groundball, 4D) José Rico to second Runner from 2nd tries for 3rd, SAFE, no throw
|
Batting: LHB Ieyoshi Samurakami
|
0-0: Called Strike 0-1: Ball 1-1: Fly out, F8 (Flyball, 8LXD) Runner from 3rd tags up, SCORES, no throw
|
Batting: RHB Mark Finney
|
0-0: Ball 1-0: Called Strike 1-1: Ball 2-1: Foul Ball, location: 2F 2-2: Ball 3-2: Strikes out looking
|
Batting: RHB Javier Carretero
|
0-0: Foul Ball, location: 2F 0-1: Called Strike 0-2: Ball Wild Pitch! Bob Maher to second 1-2: Strikes out swinging
|
Bottom of the 7th over - 1 run, 2 hits, 0 errors, 1 left on base; Casper 4 - Yakima 4 |
TOP OF THE 8TH |
Casper Ghosts batting - Pitching for Yakima Hops : LHP Daniel Gill
|
Now in CF: Arnold England
|
|
Batting: RHB Armando Pacheco
|
0-0: Ball 1-0: Called Strike 1-1: Foul Ball, location: 2F 1-2: Ball 2-2: Ball 3-2: Foul Ball, location: 2F 3-2: SINGLE (Groundball, 34D)
|
Pinch Hitting: RHB John Aston
|
0-0: Called Strike 0-1: Ball 1-1: Swinging Strike 1-2: Ball 2-2: Ball 3-2: Foul Ball, location: 2F 3-2: Foul Ball, location: 2F 3-2: Foul Ball, location: 2F 3-2: Base on Balls Armando Pacheco to second
|
Pitching: RHP Orlando Téllez
|
|
Batting: RHB Henry Appleby
|
0-0: Reached on error, E6 (Groundball, 56) Armando Pacheco to third John Aston to second
|
Batting: RHB José Córdova
|
0-0: Called Strike 0-1: Foul Ball, location: 2F 0-2: Foul Ball, location: 2F 0-2: DOUBLE (Line Drive, 7LM) Armando Pacheco scores John Aston scores Henry Appleby to third
|
Batting: RHB Steve Weber
|
0-0: Ball 1-0: Called Strike 1-1: Called Strike 1-2: Ball 2-2: Strikes out swinging
|
Batting: RHB Bob Phillips
|
0-0: Intentional Walk
|
Batting: RHB Adrijan Markovski
|
0-0: Swinging Strike 0-1: Swinging Strike 0-2: Ball 1-2: Ball 2-2: Strikes out looking
|
Batting: LHB Yu-zeng Si
|
0-0: Called Strike 0-1: Ball 1-1: Ball 2-1: Foul Ball, location: 2F 2-2: Fly out, F4 (Line Drive, 34)
|
Top of the 8th over - 2 runs, 2 hits, 1 error, 3 left on base; Casper 6 - Yakima 4 |
BOTTOM OF THE 8TH |
Yakima Hops batting - Pitching for Casper Ghosts : RHP Ángelo Román
|
Now at 1B: Yataro Matsuura
|
|
Batting: RHB Luis Rodríguez
|
0-0: Called Strike 0-1: Swinging Strike 0-2: Ball 1-2: Ball 2-2: Ball 3-2: Foul Ball, location: 2F 3-2: Base on Balls
|
Batting: RHB Giuseppe Provolone
|
0-0: Called Strike 0-1: Ball 1-1: Ball 2-1: SINGLE (Groundball, 3D) Luis Rodríguez to second Runner from 2nd tries for 3rd, SAFE, no throw
|
Batting: RHB Carl Herbert
|
0-0: Ball 1-0: Called Strike 1-1: DOUBLE (Line Drive, 9LM) Luis Rodríguez scores Giuseppe Provolone to third
|
Batting: RHB Xavier Gama
|
0-0: Ball 1-0: SINGLE (Flyball, 89M) Giuseppe Provolone scores Carl Herbert to third Runner from 3rd tries for Home, SAFE, no throw
|
Batting: SHB José Rico
|
0-0: Ball Xavier Gama steals 2nd base 1-0: Intentional Walk
|
Batting: LHB Arnold England
|
0-0: Called Strike 0-1: Ball 1-1: Called Strike 1-2: Ball Wild Pitch! Xavier Gama to third José Rico to second 2-2: Strikes out swinging
|
Batting: LHB Ieyoshi Samurakami
|
0-0: Intentional Walk
|
Batting: RHB Mark Finney
|
0-0: Called Strike 0-1: Ball 1-1: Ball 2-1: Ball 3-1: Called Strike 3-2: Base on Balls Xavier Gama scores José Rico to third Ieyoshi Samurakami to second
|
Batting: RHB Javier Carretero
|
0-0: Grounds into fielders choice 6-2 (Groundball, 6) Ieyoshi Samurakami to third Mark Finney to second
|
Batting: RHB Luis Rodríguez
|
0-0: Fielders Choice at 2nd, 5-4 (Groundball, 56)
|
Bottom of the 8th over - 4 runs, 3 hits, 0 errors, 3 left on base; Casper 6 - Yakima 8 |
TOP OF THE 9TH |
Casper Ghosts batting - Pitching for Yakima Hops : RHP Orlando Téllez
|
Pitching: RHP Pieter Spitsbaard
|
|
Batting: RHB Kevin Baxter
|
0-0: Ball 1-0: Ball 2-0: Ground out 4-3 (Groundball, 4)
|
Batting: RHB Armando Pacheco
|
0-0: Called Strike 0-1: Called Strike 0-2: Foul Ball, location: 2F 0-2: Ball 1-2: SINGLE (Line Drive, 56D)
|
Batting: LHB Yataro Matsuura
|
0-0: Called Strike 0-1: Swinging Strike 0-2: Ball Passed Ball! Armando Pacheco to second 1-2: Foul Ball, location: 2F 1-2: Ground out 4-3 (Groundball, 4S) Armando Pacheco to third
|
Pinch Hitting: LHB Jorge Morín
|
0-0: SINGLE (Groundball, 56D) Armando Pacheco scores
|
Batting: RHB José Córdova
|
0-0: SINGLE (Groundball, 56D) Jorge Morín to second
|
Batting: RHB Steve Weber
|
0-0: Foul Ball, location: 2F 0-1: Fielders Choice at 2nd, 5-4 (Groundball, 5L)
|
Top of the 9th over - 1 run, 3 hits, 0 errors, 2 left on base; Casper 7 - Yakima 8 |
|